Workbook

Sheet ANEXO 1 ANÁLISIS DE COTIZACION
D2: ANEXO 1 - ANÁLISIS DE COTIZACIONES
D3: ADQUISICIÓN DE DISCOS DUROS EXTERNOS PARA LA FISCALÍA GENERAL DE LA NACIÓN
B4: DESCRIPCIÓN DE LA NECESIDAD | G4: COTIZACIÓN 1 - SERVITRONIC SAS | I4: COTIZACIÓN 2 - QUANTYC | K4: VALOR COTIZACIÓN HÁBIL MÁS BAJA | L4: PROMEDIO | M4: VALOR COTIZACIÓN HÁBIL MÁS ALTA | N4: PORCENTAJE DIFERENCIAL (PROMEDIO/BAJA) | O4: MEDIA ARITMETICA BAJA | Q4: ANÁLISIS DE COTIZACIONES
B5: Ítem | C5: Descripción del Bien o Servicio | D5: Unidad de Medida | E5: Cantidad | G5: Valor Unitario sin IVA | I5: Valor Unitario sin IVA | K5: VALOR UNITARIO SIN IVA | L5: VALOR UNITARIO SIN IVA | M5: VALOR UNITARIO SIN IVA | N5: 25 % < / > | O5: VALOR UNITARIO SIN IVA | Q5: Valor Unitario sin IVA | R5: Valor IVA | S5: Valor Unitario incluido IVA | T5: Valor Total incluido IVA
B6: 1 | C6: Disco Duro Externo de 4 TB ( Según especificaciones técnicas) | D6: UNIDAD | E6: 100 | G6: 526000 | I6: 1459516.7 | K6: =ROUND(MIN(G6,I6),2) -> 526000 | L6: =ROUND(AVERAGE(G6,I6),2) -> 992758.34 | M6: =+MAX(G6,I6) -> 1459516.7 | N6: =+(L6/K6)-1 -> 0.88737327 | O6: =+ROUND(AVERAGE(K6,L6),2) -> 759379.17 | Q6: =+O6 -> 759379.17 | R6: =+ROUND((Q6*0.19),2) -> 144282.04 | S6: =+Q6+R6 -> 903661.21 | T6: =+S6*E6 -> 90366121
B7: 2 | C7: Disco Duro Externo de 2 TB ( Según especificaciones técnicas) | D7: UNIDAD | E7: 141 | G7: 348000 | I7: 635550 | K7: =ROUND(MIN(G7,I7),2) -> 348000 | L7: =ROUND(AVERAGE(G7,I7),2) -> 491775 | M7: =+MAX(G7,I7) -> 635550 | N7: =+(L7/K7)-1 -> 0.41314655 | O7: =+ROUND(AVERAGE(K7,L7),2) -> 419887.5 | Q7: =+O7 -> 419887.5 | R7: =+ROUND((Q7*0.19),2) -> 79778.63 | S7: =+Q7+R7 -> 499666.13 | T7: =+S7*E7 -> 70452924
B8: 3 | C8: Disco Duro Externo de 1 TB ( Según especificaciones técnicas) | D8: UNIDAD | E8: 277 | G8: 270000 | I8: 453466.67 | K8: =ROUND(MIN(G8,I8),2) -> 270000 | L8: =ROUND(AVERAGE(G8,I8),2) -> 361733.34 | M8: =+MAX(G8,I8) -> 453466.67 | N8: =+(L8/K8)-1 -> 0.33975311 | O8: =+ROUND(AVERAGE(K8,L8),2) -> 315866.67 | Q8: =+O8 -> 315866.67 | R8: =+ROUND((Q8*0.19),2) -> 60014.67 | S8: =+Q8+R8 -> 375881.34 | T8: =+S8*E8 -> 1.0411913e+08
B9: TOTAL | T9: =SUM(T6:T8) -> 2.6493818e+08
B11: NOTAS:
B12: 1) Se realizó el estudio con dos (2) cotizaciones, las cuales cumplen con lo solicitado por la Fiscalía General de la Nación.
B13: 2) Para establecer el valor de la variable cotizaciones se utilizó la formula media aritmetica baja entre las cotizaciones recibidas.
B14: 3) En el presente análisis se aplicó el procedimiento de aproximación generalmente aceptado por las reglas matemáticas denominado redondeo, que consiste en acercar los valores decimales al número entero más aproximado (esto es, si el tercer decimal es menor que 5, el segundo decimal se mantiene; si el tercer decimal es igual o mayor que 5, el segundo decimal se incrementa en uno).
B16: Fecha de elaboración: 17/06/2026
B17: Fecha de modificación: 02/07/2026
B19: Elaboró | C19: Carlos Alberto Espitia B. Pofesional Equipo Estudio del Sector Subdirección Nacional de Gestión Contractual
B20: Aprobó | C20: Gustavo Adolfo Palacio Olarte Coordinador Equipo Estudio del Sector Subdirección Nacional de Gestión Contractual

Sheet  ANEXO 2 ANÁLISIS DE COSTOS H.
B2: ANEXO 2 - ANÁLISIS DE COSTOS HISTÓRICOS
F3: =+'ANEXO 1 ANÁLISIS DE COTIZACION'!D3 -> ADQUISICIÓN DE DISCOS DUROS EXTERNOS PARA LA FISCALÍA GENERAL DE LA NACIÓN
B4: DESCRIPCIÓN DE LA NECESIDAD | G4: FGN-NC-IPSE-0034-2025 - LINALCA INFORMATICA SAS | I4: IPC OCTUBRE 2025 | J4: IPC A MAYO 2026 | L4: ANÁLISIS DE COSTOS HISTÓRICOS
B5: Ítem | C5: Descripción del Bien o Servicio | D5: Unidad de Medida | E5: Cantidad | G5: VALOR UNITARIO SIN IVA | I5: 1.5176 | J5: 1.5891 | L5: Valor Unitario sin IVA | M5: Valor IVA | N5: Valor Unitario incluido IVA | O5: Valor Total Incluido IVA
B6: 1 | C6: =+'ANEXO 1 ANÁLISIS DE COTIZACION'!C6 -> Disco Duro Externo de 4 TB ( Según especificaciones técnicas) | D6: Unidad | E6: =+'ANEXO 1 ANÁLISIS DE COTIZACION'!E6 -> 100 | G6: 544028 | I6: =ROUND($J$5/$I$5*G6,2) -> 569659.26 | L6: =ROUND(I6,2) -> 569659.26 | M6: =+ROUND((L6*0.19),2) -> 108235.26 | N6: =+L6+M6 -> 677894.52 | O6: =ROUND(N6*E6,2) -> 67789452
B7: 2 | C7: =+'ANEXO 1 ANÁLISIS DE COTIZACION'!C7 -> Disco Duro Externo de 2 TB ( Según especificaciones técnicas) | D7: Unidad | E7: =+'ANEXO 1 ANÁLISIS DE COTIZACION'!E7 -> 141 | G7: 364128 | I7: =ROUND($J$5/$I$5*G7,2) -> 381283.48 | L7: =ROUND(I7,2) -> 381283.48 | M7: =+ROUND((L7*0.19),2) -> 72443.86 | N7: =+L7+M7 -> 453727.34 | O7: =ROUND(N7*E7,2) -> 63975555
B8: 3 | C8: =+'ANEXO 1 ANÁLISIS DE COTIZACION'!C8 -> Disco Duro Externo de 1 TB ( Según especificaciones técnicas) | D8: Unidad | E8: =+'ANEXO 1 ANÁLISIS DE COTIZACION'!E8 -> 277 | G8: 322004 | I8: =ROUND($J$5/$I$5*G8,2) -> 337174.85 | L8: =ROUND(I8,2) -> 337174.85 | M8: =+ROUND((L8*0.19),2) -> 64063.22 | N8: =+L8+M8 -> 401238.07 | O8: =ROUND(N8*E8,2) -> 1.1114295e+08
B10: NOTAS:
B11: 1) El índice refleja la evolución promedio de los precios de todos los artículos es decir, se refiere a un promedio tomado sobre la base de todos los productos ofrecidos en el mercado.
B12: 2) Para traer a valor presente los precios unitarios, se toma el índice de serie del mes vigente dividido por el índice de serie del mes y año en que fue efectuada la compra. Este resultado se multiplica por el precio de la misma.
B13: 3) En el presente análisis se aplicó el procedimiento de aproximación generalmente aceptado por las reglas matemáticas denominado redondeo, que consiste en acercar los valores decimales al número entero más aproximado (esto es, si el tercer decimal es menor que 5, el segundo decimal se mantiene; si el tercer decimal es igual o mayor que 5, el segundo decimal se incrementa en uno).
B15: Fecha de elaboración: 17/06/2026
B16: Fecha de modificación: 02/07/2026
B18: Elaboró | C18: Carlos Alberto Espitia B. Pofesional Equipo Estudio del Sector Subdirección Nacional de Gestión Contractual
B19: Aprobó | C19: Gustavo Adolfo Palacio Olarte Coordinador Equipo Estudio del Sector Subdirección Nacional de Gestión Contractual

Sheet ANEXO 3 PROYECCIÓN DE COSTOS
D2: ANEXO 3 - PROYECCIÓN DE COSTOS
D3: =+'ANEXO 1 ANÁLISIS DE COTIZACION'!D3 -> ADQUISICIÓN DE DISCOS DUROS EXTERNOS PARA LA FISCALÍA GENERAL DE LA NACIÓN
B4: DESCRIPCIÓN DE LA NECESIDAD | G4: ANÁLISIS DE COTIZACIONES | I4: ANÁLISIS DE HISTÓRICOS | K4: PORCENTAJE DIFERENCIAL (COTIZACIONES / HISTÓRICO) | M4: PROYECCIÓN DE COSTOS
B5: Ítem | C5: Descripción del Bien o Servicio | D5: Unidad de Medida | E5: Cantidad | G5: VALOR UNITARIO SIN IVA | I5: VALOR UNITARIO SIN IVA | K5: 25 % < / > | M5: Valor Unitario sin IVA | N5: Valor IVA | O5: Valor Unitario incluido IVA | P5: Valor Total Incluido IVA
B6: 1 | C6: =+'ANEXO 1 ANÁLISIS DE COTIZACION'!C6 -> Disco Duro Externo de 4 TB ( Según especificaciones técnicas) | D6: UNIDAD | E6: =+'ANEXO 1 ANÁLISIS DE COTIZACION'!E6 -> 100 | G6: =+'ANEXO 1 ANÁLISIS DE COTIZACION'!Q6 -> 759379.17 | I6: =' ANEXO 2 ANÁLISIS DE COSTOS H.'!L6 -> 569659.26 | K6: =+(G6/I6)-1 -> 0.33304104 | M6: =ROUND(AVERAGE(G6,I6),2) -> 664519.22 | N6: =+ROUND((M6*0.19),2) -> 126258.65 | O6: =+M6+N6 -> 790777.87 | P6: =+O6*E6 -> 79077787
B7: 2 | C7: =+'ANEXO 1 ANÁLISIS DE COTIZACION'!C7 -> Disco Duro Externo de 2 TB ( Según especificaciones técnicas) | D7: UNIDAD | E7: =+'ANEXO 1 ANÁLISIS DE COTIZACION'!E7 -> 141 | G7: =+'ANEXO 1 ANÁLISIS DE COTIZACION'!Q7 -> 419887.5 | I7: =' ANEXO 2 ANÁLISIS DE COSTOS H.'!L7 -> 381283.48 | K7: =+(G7/I7)-1 -> 0.10124755 | M7: =ROUND(AVERAGE(G7,I7),2) -> 400585.49 | N7: =+ROUND((M7*0.19),2) -> 76111.24 | O7: =+M7+N7 -> 476696.73 | P7: =+O7*E7 -> 67214239
B8: 3 | C8: =+'ANEXO 1 ANÁLISIS DE COTIZACION'!C8 -> Disco Duro Externo de 1 TB ( Según especificaciones técnicas) | D8: UNIDAD | E8: =+'ANEXO 1 ANÁLISIS DE COTIZACION'!E8 -> 277 | G8: =+'ANEXO 1 ANÁLISIS DE COTIZACION'!Q8 -> 315866.67 | I8: =' ANEXO 2 ANÁLISIS DE COSTOS H.'!L8 -> 337174.85 | K8: =+(G8/I8)-1 -> -0.063196232 | M8: =ROUND(AVERAGE(G8),2) -> 315866.67 | N8: =+ROUND((M8*0.19),2) -> 60014.67 | O8: =+M8+N8 -> 375881.34 | P8: =+O8*E8 -> 1.0411913e+08
B9: TOTAL | P9: =SUM(P6:P8) -> 2.5041116e+08
B11: NOTAS:
B12: 1) Se aplica la fórmula de promedio para los items1 y 2. debido a que el porcentaje diferencial entre el análisis de cotizaciones y análisis de costos considerado un margen cercano entre los valores proyectados; Por ello, este método permite obtener un valor de referencia y representativo del mercado. Para el item 3 se toma con valor referencia el arrojado por el análisis de cotizaciones.
B13: 2) En el presente análisis se aplicó el procedimiento de aproximación generalmente aceptado por las reglas matemáticas denominado redondeo, que consiste en acercar los valores decimales al número entero más aproximado (esto es, si el tercer decimal es menor que 5, el segundo decimal se mantiene; si el tercer decimal es igual o mayor que 5, el segundo decimal se incrementa en uno).
B15: Fecha de elaboración: 17/06/2026
B16: Fecha de modificación: 02/07/2026
B18: Elaboró | C18: Carlos Alberto Espitia B. Pofesional Equipo Estudio del Sector Subdirección Nacional de Gestión Contractual
B19: Aprobó | C19: Gustavo Adolfo Palacio Olarte Coordinador Equipo Estudio del Sector Subdirección Nacional de Gestión Contractual

Sheet ANEXO 4 - ESTUDIO DEL SECTOR 
D2: ANEXO 4 - ESTUDIO DEL SECTOR
D3: =+'ANEXO 1 ANÁLISIS DE COTIZACION'!D3 -> ADQUISICIÓN DE DISCOS DUROS EXTERNOS PARA LA FISCALÍA GENERAL DE LA NACIÓN
B4: DESCRIPCIÓN DE LA NECESIDAD | G4: ESTUDIO DEL SECTOR
B5: Ítem | C5: Descripción del Bien o Servicio | D5: Unidad de Medida | E5: Cantidad | G5: Valor Unitario sin IVA | H5: Valor IVA | I5: Valor Unitario incluido IVA | J5: Valor Total Incluido IVA
B6: 1 | C6: =+'ANEXO 1 ANÁLISIS DE COTIZACION'!C6 -> Disco Duro Externo de 4 TB ( Según especificaciones técnicas) | D6: Unidad | E6: =+'ANEXO 1 ANÁLISIS DE COTIZACION'!E6 -> 100 | G6: ='ANEXO 3 PROYECCIÓN DE COSTOS'!M6 -> 664519.22 | H6: ='ANEXO 3 PROYECCIÓN DE COSTOS'!N6 -> 126258.65 | I6: ='ANEXO 3 PROYECCIÓN DE COSTOS'!O6 -> 790777.87 | J6: =+I6*E6 -> 79077787
B7: 2 | C7: =+'ANEXO 1 ANÁLISIS DE COTIZACION'!C7 -> Disco Duro Externo de 2 TB ( Según especificaciones técnicas) | D7: Unidad | E7: =+'ANEXO 1 ANÁLISIS DE COTIZACION'!E7 -> 141 | G7: ='ANEXO 3 PROYECCIÓN DE COSTOS'!M7 -> 400585.49 | H7: ='ANEXO 3 PROYECCIÓN DE COSTOS'!N7 -> 76111.24 | I7: ='ANEXO 3 PROYECCIÓN DE COSTOS'!O7 -> 476696.73 | J7: =+I7*E7 -> 67214239
B8: 3 | C8: =+'ANEXO 1 ANÁLISIS DE COTIZACION'!C8 -> Disco Duro Externo de 1 TB ( Según especificaciones técnicas) | D8: Unidad | E8: =+'ANEXO 1 ANÁLISIS DE COTIZACION'!E8 -> 277 | G8: ='ANEXO 3 PROYECCIÓN DE COSTOS'!M8 -> 315866.67 | H8: ='ANEXO 3 PROYECCIÓN DE COSTOS'!N8 -> 60014.67 | I8: ='ANEXO 3 PROYECCIÓN DE COSTOS'!O8 -> 375881.34 | J8: =+I8*E8 -> 1.0411913e+08
B9: TOTAL | J9: =SUM(J6:J8) -> 2.5041116e+08
B11: EL PRESUPUESTO ASIGNADO AL PROCESO ES POR | F11: =J9 -> 2.5041116e+08
B13: NOTAS:
B14: 1) En el presente análisis se aplicó el procedimiento de aproximación generalmente aceptado por las reglas matemáticas denominado redondeo, que consiste en acercar los valores decimales al número entero más aproximado (esto es, si el tercer decimal es menor que 5, el segundo decimal se mantiene; si el tercer decimal es igual o mayor que 5, el segundo decimal se incrementa en uno).
B16: Fecha de elaboración: 17/06/2026
B17: Fecha de modificación: 02/07/2026
B19: Elaboró | C19: Carlos Alberto Espitia B. Pofesional Equipo Estudio del Sector Subdirección Nacional de Gestión Contractual
B20: Aprobó | C20: Gustavo Adolfo Palacio Olarte Coordinador Equipo Estudio del Sector Subdirección Nacional de Gestión Contractual
